 Dungeon Crawl Stone Soup version 0.21-a0-437-ge5bf024 (webtiles) character file.

50 slep the Chucker (level 3, -6/30 HPs)
             Began as a Minotaur Hunter on Nov 10, 2017.
             Mangled by a worm (9 damage)
             ... on level 3 of the Dungeon.
             The game lasted 00:06:07 (1309 turns).

slep the Chucker (Minotaur Hunter)                  Turns: 1309, Time: 00:06:08

Health: -6/30      AC:  3    Str: 16    XL:     3   Next: 55%
Magic:  2/2        EV: 12    Int:  8    God:
Gold:   32         SH:  0    Dex: 11    Spells: 2/2 levels left

rFire    . . .     SeeInvis .   j - +0 mace
rCold    . . .     Gourm    .   (no shield)
rNeg     . . .     Faith    .   b - +0 leather armour
rPois    .         Spirit   .   (helmet restricted)
rElec    .         Reflect  .   (no cloak)
rCorr    .         Harm     .   (no gloves)
MR       .....                  (no boots)
Stlth    +.........             (no amulet)
HPRegen  0.10/turn              (no ring)
MPRegen  0.08/turn              (no ring)

@: no status effects
A: retaliatory headbutt, horns 2
a: no special abilities


You were on level 3 of the Dungeon.
You were not hungry.

You visited 1 branch of the dungeon, and saw 3 of its levels.

You collected 32 gold pieces.

Inventory:

Hand Weapons
 a - a +0 short sword
 j - a +0 mace (weapon)
Missiles
 c - 6 javelins (quivered)
 d - 2 throwing nets
Armour
 b - a +0 leather armour (worn)
Scrolls
 k - a scroll of identify {unknown}
Potions
 e - a potion of haste {unknown}
 i - a potion of magic
 l - a potion of brilliance {unknown}
Comestibles
 f - a bread ration
 g - 4 chunks of flesh
 h - 2 royal jellies


   Skills:
 + Level 2.6 Fighting
 + Level 0.5 Short Blades
 + Level 0.6 Maces & Flails
 + Level 4.8 Throwing
 + Level 0.8 Armour
 + Level 2.6 Dodging
 + Level 0.8 Stealth


You had 2 spell levels left.
You didn't know any spells.

Dungeon Overview and Level Annotations

Branches:
Dungeon (3/15)

Altars:
Kikubaaqudgha
Nemelex Xobeh
Okawaru

Annotations:
D:3 Natasha


Innate Abilities, Weirdness & Mutations

You reflexively headbutt those who attack you in melee.
You have a pair of horns on your head.


Message History

You barely miss the worm. You headbutt the worm.
The worm is moderately wounded.
Natasha casts a spell.
The worm bites you.
You thump the worm!
The worm is severely wounded.
Natasha barely misses you. Natasha claws you but does no damage.
You hit the worm but do no damage.
The worm is severely wounded.
The shadow imp summons a swarm of flies.
The worm bites you! Natasha barely misses you.
You barely miss the worm. You headbutt the worm.
The worm is almost dead.
Natasha stares at you and mumbles some strange words.
The magic dart hits you!
* * * LOW HITPOINT WARNING * * *
The worm barely misses you. Natasha claws you.
* * * LOW HITPOINT WARNING * * *
It was a potion of magic.
Magic courses through your body. The worm bites you!
You die...

## ..## #...##
############.....#
..........5.......
........##w#5....#
###..##.##@h5....#
###..##.##)#...#.#
#....##.##.##.## #
#.##.##.##.( ...
#.#.##.##.#### ###
#.#.##.##.# ##+##
#.........# ##...##
###<#########^....##
#(#.## ##.......##


You could see a worm, Natasha, a crimson imp, a white imp and a shadow imp.

Vanquished Creatures
  An adder (D:3)
  A dart slug (D:1)
  2 leopard geckos (D:2)
  A ball python (D:2)
  5 bats
  2 giant cockroaches
  6 goblins
  4 hobgoblins
  3 kobolds
  4 frilled lizards (D:2)
  6 rats
35 creatures vanquished.

Notes
Turn   | Place    | Note
-------+----------+-------------------------------------------
     0 | D:1      | slep the Minotaur Hunter began the quest for the Orb.
     0 | D:1      | Reached XP level 1. HP: 18/18 MP: 0/0
   214 | D:1      | Reached XP level 2. HP: 22/25 MP: 1/1
   613 | D:2      | Found an iron altar of Okawaru.
   695 | D:2      | Reached XP level 3. HP: 25/30 MP: 2/2
   906 | D:2      | Found an ancient bone altar of Kikubaaqudgha.
   924 | D:2      | Found a sparkling altar of Nemelex Xobeh.
  1299 | D:3      | Noticed Natasha
  1309 | D:3      | Mangled by a worm

Vault maps used:
D:1:      lightli_arrival_lavapool, minmay_misc_feat_roman
D:2:      nemelex_xobeh_ov_fountains_minmay, nicolae_overflow_hidden_temple,
          okawaru_trees_1
D:3:      uniq_natasha

Action                   || total
-------------------------++-------
Melee: Short sword       ||    29
       Mace              ||    46
       Headbutt          ||     6
  Use: Potion            ||     1
  Eat: Chunk             ||     1
Armor: Leather armour    ||    24
Dodge: Dodged            ||    72

Table legend:
 A = Spawn XP
 B = Non-spawn XP
 C = Spawn XP percentage of total XP
 D = Spawn monster count
 E = Non-spawn monster count
 F = Spawn count percentage of total count
 G = Total turns spent on level
                    A         B        C        D         E        F      G
               +---------+---------+-------+---------+---------+-------+---------
         Total |       0 |      72 |   0.0 |       0 |      35 |   0.0 |  1309
               +---------+---------+-------+---------+---------+-------+---------
           D:1 |       0 |      22 |   0.0 |       0 |      12 |   0.0 |   503
           D:2 |       0 |      27 |   0.0 |       0 |      17 |   0.0 |   727
           D:3 |       0 |      23 |   0.0 |       0 |       6 |   0.0 |    79
               +---------+---------+-------+---------+---------+-------+---------
